General information
- name: BNet
- type: Ladder team game (AT/RT)
- host: Battle.net
- saver: Klaetratus
map: Battleground
- players: 8
- length: 15:29
- speed: Fast
- version: 1.26 W3XP
- replay type: Public
» download(133 KB)
Players
team 1 (winner)
ubehome (
purple | 78 APM | 1205 actions | 15:27)
3 Archmage
2 Summon Water Elemental
1 Brilliance Aura
2 Paladin
1 Holy Light
1 Devotion Aura
» actions
| Assign group hotkey | 4 | |
| Basic commands | 58 | |
| Build / train | 80 | |
| Enter build submenu | 22 | |
| Enter hero's abilities submenu | 5 | |
| Give item / drop item | 1 | |
| Remove unit from queue | 1 | |
| Right click | 583 | |
| Select / deselect | 248 | |
| Select group hotkey | 121 | |
| Use ability | 82 | |
1205 total
» units
| Peasant | 15 | |
| Footman | 6 | |
| Rifleman | 16 | |
| Sorceress | 2 | |
39 total
» upgrades
| Gunpowder | 2 | |
| Masonry | 2 | |
| Lumber Harvesting | 2 | |
| Armor | 2 | |
| Long Rifles | 1 | |
9 total
» buildings
| Altar of Kings | 1 | |
| Farm | 8 | |
| Barracks | 1 | |
| Lumber Mill | 1 | |
| Scout Tower | 3 | |
| Blacksmith | 1 | |
| Arcane Tower | 1 | |
| Arcane Vault | 1 | |
| Keep | 3 | |
| Guard Tower | 7 | |
| Arcane Sanctum | 1 | |
| Castle | 1 | |
29 total
» build order
00:11 Altar of Kings
00:18 Farm
00:26 Barracks
00:47 Farm
01:33 Lumber Mill
01:42 Scout Tower
02:34 Farm
02:58 Blacksmith
03:06 Farm
03:25 Arcane Tower
04:44 Arcane Vault
04:48 Keep
04:48 Keep
04:48 Keep
04:52 Farm
05:17 Farm
07:13 Scout Tower
07:33 Farm
07:54 Guard Tower
07:55 Guard Tower
07:55 Guard Tower
07:55 Guard Tower
08:03 Scout Tower
10:40 Guard Tower
10:40 Guard Tower
10:41 Guard Tower
11:02 Farm
11:12 Arcane Sanctum
15:04 Castle
» items
| Scroll of Regeneration | 2 | |
| Scroll of Town Portal | 5 | |
7 total
WHITETRASH (
blue | 89 APM | 1372 actions | 15:27)
4 Archmage
2 Summon Water Elemental
2 Brilliance Aura
3 Paladin
2 Holy Light
1 Devotion Aura
» actions
| Assign group hotkey | 34 | |
| Build / train | 49 | |
| Enter build submenu | 17 | |
| Enter hero's abilities submenu | 7 | |
| Give item / drop item | 1 | |
| Right click | 696 | |
| Select / deselect | 154 | |
| Select group hotkey | 373 | |
| Use ability | 41 | |
1372 total
» units
| Peasant | 10 | |
| Footman | 9 | |
| Mortar Team | 3 | |
| Siege Engine | 4 | |
| Knight | 1 | |
27 total
» upgrades
| Defend | 1 | |
| Barrage | 1 | |
| Animal War Training | 1 | |
| Fragmentation Shards | 1 | |
4 total
» buildings
| Altar of Kings | 1 | |
| Farm | 10 | |
| Barracks | 1 | |
| Scout Tower | 1 | |
| Keep | 1 | |
| Blacksmith | 1 | |
| Lumber Mill | 1 | |
| Arcane Vault | 1 | |
| Guard Tower | 1 | |
| Workshop | 2 | |
| Castle | 1 | |
21 total
» build order
00:10 Altar of Kings
00:22 Farm
00:25 Farm
00:39 Barracks
01:33 Farm
02:12 Scout Tower
03:52 Keep
05:03 Farm
05:03 Farm
05:05 Blacksmith
05:07 Lumber Mill
06:17 Arcane Vault
06:27 Guard Tower
06:43 Workshop
06:49 Workshop
07:19 Farm
07:20 Farm
07:23 Farm
07:24 Farm
09:32 Castle
10:21 Farm
» items
| Scroll of Regeneration | 4 | |
| Potion of Healing | 2 | |
6 total

»
c0nv3rg3 (
red | 39 APM | 596 actions | 15:27)
5 Death Knight
3 Death Coil
2 Unholy Aura
» actions
| Assign group hotkey | 7 | |
| Build / train | 31 | |
| Enter build submenu | 16 | |
| Enter hero's abilities submenu | 5 | |
| Right click | 247 | |
| Select / deselect | 138 | |
| Select group hotkey | 116 | |
| Use ability | 36 | |
596 total
» units
| Acolyte | 3 | |
| Ghoul | 5 | |
| Frost Wyrm | 3 | |
11 total
» upgrades
| Creature Attack | 3 | |
| Creature Carapace | 4 | |
| Ghoul Frenzy | 1 | |
| Freezing Breath | 1 | |
9 total
» buildings
| Crypt | 1 | |
| Ziggurat | 4 | |
| Altar of Darkness | 1 | |
| Graveyard | 1 | |
| Halls of the Dead | 1 | |
| Tomb of Relics | 1 | |
| Black Citadel | 1 | |
| Sacrificial Pit | 1 | |
| Boneyard | 2 | |
| Necropolis | 1 | |
14 total
» build order
00:27 Crypt
00:30 Ziggurat
00:50 Altar of Darkness
01:02 Ziggurat
01:21 Graveyard
02:57 Halls of the Dead
03:02 Tomb of Relics
04:22 Ziggurat
04:24 Ziggurat
05:35 Black Citadel
05:43 Sacrificial Pit
08:04 Boneyard
08:06 Boneyard
14:28 Necropolis
» items
| Scroll of Town Portal | 1 | |
| Orb of Corruption | 1 | |
| Scroll of Healing | 1 | |
3 total
Klaetratus (
teal | 85 APM | 1321 actions | 15:29)
5 Archmage
3 Summon Water Elemental
2 Brilliance Aura
» actions
| Assign group hotkey | 23 | |
| Basic commands | 31 | |
| Build / train | 57 | |
| ESC pressed | 2 | |
| Enter build submenu | 33 | |
| Enter hero's abilities submenu | 5 | |
| Right click | 609 | |
| Select / deselect | 304 | |
| Select group hotkey | 199 | |
| Use ability | 58 | |
1321 total
» units
» upgrades
| Masonry | 3 | |
| Swords | 3 | |
| Lumber Harvesting | 1 | |
| Armor | 3 | |
| Animal War Training | 1 | |
| Storm Hammers | 1 | |
12 total
» buildings
| Altar of Kings | 1 | |
| Farm | 7 | |
| Barracks | 1 | |
| Lumber Mill | 1 | |
| Scout Tower | 12 | |
| Guard Tower | 13 | |
| Keep | 1 | |
| Blacksmith | 1 | |
| Castle | 1 | |
| Gryphon Aviary | 2 | |
| Arcane Vault | 1 | |
41 total
» build order
00:05 Altar of Kings
00:09 Farm
00:38 Barracks
01:15 Lumber Mill
01:45 Farm
01:51 Scout Tower
01:52 Scout Tower
02:18 Guard Tower
02:22 Guard Tower
02:22 Guard Tower
03:57 Scout Tower
03:58 Scout Tower
04:00 Scout Tower
04:19 Keep
04:24 Guard Tower
04:25 Guard Tower
04:26 Guard Tower
04:47 Blacksmith
05:19 Scout Tower
05:20 Scout Tower
05:21 Scout Tower
05:48 Guard Tower
05:49 Guard Tower
05:57 Scout Tower
05:58 Scout Tower
06:30 Guard Tower
06:44 Scout Tower
06:47 Scout Tower
06:54 Castle
07:15 Guard Tower
08:29 Gryphon Aviary
08:32 Gryphon Aviary
09:27 Arcane Vault
09:49 Farm
09:53 Farm
11:20 Farm
11:24 Farm
15:14 Farm
» items
| Lesser Clarity Potion | 1 | |
| Scroll of Town Portal | 2 | |
| Scroll of Regeneration | 1 | |
| Potion of Lesser Invulnerability | 1 | |
5 total
team 2 (loser)
StinkyGreenOrc (
pink | 36 APM | 553 actions | 15:19)
2 Blademaster
1 Wind Walk
1 Critical Strike
2 Shadow Hunter
1 Hex
1 Healing Wave
» actions
| Assign group hotkey | 6 | |
| Basic commands | 1 | |
| Build / train | 48 | |
| Enter build submenu | 15 | |
| Enter hero's abilities submenu | 4 | |
| Give item / drop item | 1 | |
| Right click | 235 | |
| Select / deselect | 164 | |
| Select group hotkey | 18 | |
| Use ability | 61 | |
553 total
» units
| Peon | 7 | |
| Grunt | 4 | |
| Demolisher | 2 | |
| Raider | 5 | |
| Troll Witch Doctor | 3 | |
| Tauren | 1 | |
22 total
» upgrades
| Armor | 1 | |
| Melee Weapons | 1 | |
| Berserker Strength | 1 | |
| Ensnare | 1 | |
| Witch Doctor Training | 2 | |
| Spiked Barricades | 1 | |
| Spirit Walker Training | 1 | |
8 total
» buildings
| Altar of Storms | 1 | |
| Orc Burrow | 5 | |
| Voodoo Lounge | 1 | |
| Barracks | 1 | |
| War Mill | 1 | |
| Stronghold | 1 | |
| Watch Tower | 1 | |
| Spirit Lodge | 1 | |
| Beastiary | 1 | |
| Fortress | 1 | |
| Tauren Totem | 1 | |
15 total
» build order
00:08 Altar of Storms
00:17 Orc Burrow
01:08 Voodoo Lounge
01:22 Barracks
01:50 Orc Burrow
02:12 War Mill
03:56 Stronghold
04:52 Orc Burrow
06:08 Watch Tower
06:41 Spirit Lodge
06:46 Beastiary
08:18 Orc Burrow
09:41 Fortress
12:25 Tauren Totem
12:29 Orc Burrow
» items
| Healing Salve | 2 | |
| Lesser Clarity Potion | 4 | |
| Scroll of Speed | 2 | |
| Orb of Lightning | 1 | |
| Potion of Mana | 1 | |
10 total

»
AceFallen (
yellow | 52 APM | 799 actions | 15:25)
2 Demon Hunter
1 Mana Burn
1 Evasion
2 Keeper of the Grove
1 Thorns Aura
1 Entangling Roots
» actions
| Assign group hotkey | 8 | |
| Build / train | 32 | |
| Enter build submenu | 27 | |
| Enter hero's abilities submenu | 4 | |
| Right click | 310 | |
| Select / deselect | 209 | |
| Select group hotkey | 152 | |
| Use ability | 57 | |
799 total
» units
» upgrades
| Reinforced Hides | 2 | |
| Druid of the Claw Training | 1 | |
| Strength of the Wild | 2 | |
5 total
» buildings
| Altar of Elders | 1 | |
| Moon Well | 12 | |
| Hunter's Hall | 1 | |
| Tree of Ages | 1 | |
| Ancient Protector | 8 | |
| Ancient of Lore | 2 | |
25 total
» build order
00:07 Altar of Elders
00:12 Moon Well
01:26 Moon Well
02:17 Hunter's Hall
02:30 Moon Well
03:18 Tree of Ages
03:27 Ancient Protector
04:44 Ancient Protector
04:49 Ancient Protector
06:17 Ancient of Lore
06:24 Ancient of Lore
08:08 Ancient Protector
08:26 Moon Well
09:19 Moon Well
09:50 Moon Well
10:22 Moon Well
10:27 Moon Well
12:09 Moon Well
12:17 Moon Well
12:31 Moon Well
12:38 Ancient Protector
12:47 Ancient Protector
13:13 Ancient Protector
13:17 Moon Well
13:25 Ancient Protector
HadesWrath (
orange | 86 APM | 1315 actions | 15:21)
3 Demon Hunter
2 Immolation
1 Evasion
1 Warden
1 Shadow Strike
» actions
| Assign group hotkey | 17 | |
| Basic commands | 22 | |
| Build / train | 49 | |
| Enter build submenu | 16 | |
| Enter hero's abilities submenu | 4 | |
| Remove unit from queue | 1 | |
| Right click | 894 | |
| Select / deselect | 215 | |
| Select group hotkey | 52 | |
| Use ability | 45 | |
1315 total
» units
| Wisp | 14 | |
| Archer | 5 | |
| Huntress | 4 | |
| Dryad | 4 | |
| Druid of the Talon | 4 | |
| Chimaera | 2 | |
| Hippogryph | 1 | |
34 total
» upgrades
| Druid of the Talon Training | 1 | |
| Well Spring | 1 | |
| Strength of the Wild | 1 | |
3 total
» buildings
| Altar of Elders | 1 | |
| Moon Well | 6 | |
| Ancient of War | 1 | |
| Hunter's Hall | 1 | |
| Tree of Ages | 1 | |
| Ancient Protector | 1 | |
| Ancient of Lore | 1 | |
| Ancient of Wind | 1 | |
| Tree of Eternity | 1 | |
| Ancient of Wonders | 1 | |
| Chimaera Roost | 1 | |
16 total
» build order
00:10 Altar of Elders
00:13 Moon Well
01:09 Ancient of War
01:20 Moon Well
02:03 Hunter's Hall
03:04 Moon Well
03:53 Tree of Ages
05:30 Ancient Protector
05:47 Moon Well
06:18 Ancient of Lore
06:25 Ancient of Wind
07:34 Tree of Eternity
09:57 Moon Well
10:47 Ancient of Wonders
10:53 Chimaera Roost
11:39 Moon Well
» items

»
4d3d3d3 (
green | 100 APM | 1549 actions | 15:27)
4 Mountain King
2 Storm Bolt
2 Bash
» actions
| Assign group hotkey | 101 | |
| Basic commands | 70 | |
| Build / train | 62 | |
| ESC pressed | 1 | |
| Enter build submenu | 20 | |
| Enter hero's abilities submenu | 4 | |
| Remove unit from queue | 1 | |
| Right click | 862 | |
| Select / deselect | 199 | |
| Select group hotkey | 143 | |
| Use ability | 86 | |
1549 total
» units
| Peasant | 19 | |
| Footman | 19 | |
| Ogre Mauler | 1 | |
| Forest Troll Berserker | 1 | |
| Dragonhawk Rider | 2 | |
42 total
» upgrades
» buildings
| Altar of Kings | 1 | |
| Barracks | 2 | |
| Farm | 7 | |
| Lumber Mill | 1 | |
| Arcane Vault | 1 | |
| Scout Tower | 4 | |
| Guard Tower | 2 | |
| Keep | 1 | |
| Castle | 1 | |
| Gryphon Aviary | 1 | |
21 total
» build order
00:11 Altar of Kings
00:14 Barracks
00:21 Farm
01:04 Lumber Mill
01:23 Farm
01:55 Arcane Vault
01:59 Farm
05:25 Scout Tower
05:27 Scout Tower
05:30 Scout Tower
06:21 Guard Tower
07:39 Farm
07:47 Farm
09:38 Keep
09:41 Scout Tower
09:43 Farm
10:52 Guard Tower
10:59 Barracks
11:02 Farm
12:41 Castle
12:44 Gryphon Aviary
» items
| Scroll of Regeneration | 2 | |
| Lesser Clarity Potion | 3 | |
| Potion of Healing | 3 | |
8 total
Chat log
(00:12 / Allies) WHITETRASH: lets win
(00:16 / Allies) Klaetratus: k
(00:31 / Allies) Klaetratus: this map is shite so i hope it's a good match to make up for it
(00:32 / Allies) WHITETRASH: unis?
(00:34 / Allies) WHITETRASH: units?
(00:51 / Allies) WHITETRASH: guys wanna split harass?
(00:56 / Allies) ubehome: k
(01:03 / Allies) WHITETRASH: going am with blizz
(01:25 / Allies) WHITETRASH: teal u wanna hit top with me
(01:30 / Allies) Klaetratus: k
(01:42 / Allies) WHITETRASH: u towering?
(01:46 / Allies) Klaetratus: trying to
(01:50 / Allies) WHITETRASH: k
(01:55 / Allies) Klaetratus: not a pure tower build so alright if it fails
(02:00 / Allies) Klaetratus: ty purp
(02:12 / Allies) ubehome: too close lol
(03:12 / Allies) WHITETRASH: gj
(03:13 / Allies) Klaetratus: ty
(03:15 / Allies) Klaetratus: you too
(07:14 / Allies) WHITETRASH: going back
(07:30 / Allies) Klaetratus: lulz
(07:34 / Allies) Klaetratus: sick protector control
(08:31 / Allies) c0nv3rg3: pult
(09:03 / Allies) c0nv3rg3: kill the catapult
(09:23 / Allies) Klaetratus: making gryphons
(10:03 / Allies) Klaetratus: standard creeping timing
(11:36 / Allies) Klaetratus: I feel sorry for them
(11:39 / Allies) Klaetratus: so outplayed
(11:39 / Allies) ubehome: nj guys
(11:56 / Allies) WHITETRASH: tp
(11:57 / Allies) WHITETRASH: out
(12:54 / Allies) WHITETRASH: lets go to yellow now
(13:01 / Allies) Klaetratus: creeping shop first
(13:07 / Allies) WHITETRASH: k
(14:15 / Allies) Klaetratus: i wonder what their chat is like
(14:56 / Allies) Klaetratus: LAWL
(14:57 / Allies) Klaetratus: kill them
(15:04 / Allies) Klaetratus: they have nothing
(15:23 / Allies) Klaetratus: I think they are mad